Workbook
Name OLE_LINK3: 'Matriz de Riesgos'!#REF!

Sheet Activ. Críticas Proyecto
D2: LISTADO ACTIVIDADES CRÍTICAS EN EL DESARROLLO DEL PROYECTO (PROYECTOS CONSTRUCCIÓN DE OBRAS DE INFRAESTRUCTURA / SUMINISTRO E INSTALACIÓN DE EQUIPOS)
B3: Nombre del Proyecto
B4: Proceso Responsable
B5: Plazo
B6: Presupuesto
B7: FASE PROYECTO | C7: ACTIVIDADES | H7: RESPONSABLE
B8: Pre-Construcción | C8: Gestión Ambiental
C9: Gestión social
C10: Licencias y servicios
B16: Construcción
B26: Mantenimiento

Sheet Matriz de Riesgos
E2: Planeación Corporativa | T2: Código: | U2: PC-FOR-0021
E3: Matriz Riesgos Proyectos | T3: Versión: | U3: 01
T4: Fecha: | U4: 13/12/2022
B6: Nombre del proyecto | E6: SAMC-001-2026 - “REHABILITACIÓN DEL INTERCEPTOR DE AGUAS RESIDUALES EN PUNTOS CRÍTICOS LOCALIZADOS ENTRE EL BARRIO MALTERÍA Y EL SECTOR LOS CÁMBULOS EN LA CIUDAD DE MANIZALES EN EL MARCO DEL CONTRATO INTERADMINISTRATIVO 2509241073 SUSCRITO ENTRE AGUAS DE MANIZALES SA ESP BIC Y EL MUNICIPIO DE MANIZALES”
B7: Proceso Responsable: | E7: Subgerencia Técnica y de Operaciones / Gestión Infraestructura de Acueducto y Alcantarillado | R7: Aprobación última actualización del documento | T7: 46281
B8: Plazo: | E8: 45 días (Contados desde la fecha de firma del acta de inicio)
B9: Presupuesto: | E9: 553176639
B10: IDENTIFICACIÓN DEL RIESGO | I10: ANÁLISIS DEL RIESGO | N10: VALORACIÓN DEL RIESGO | S10: TRATAMIENTO DEL RIESGO | U10: SEGUIMIENTO | W10: ASIGNACIÓN DEL RIESGO
B11: No. | C11: FASE | D11: RIESGO | E11: CAUSAS | F11: CONSECUENCIAS | G11: OBJETIVO AFECTADO | H11: RESPONSABLE DEL RIESGO | I11: PROBABILIDAD | J11: IMPACTO | K11: CRITICIDAD DEL RIESGO (PxI) | L11: NIVEL DE RIESGO | M11: CRITERIOS PARA EL ANÁLISIS DE LOS IMPACTOS | N11: DESCRIPCIÓN DE CONTROLES | O11: RESPONSABLE | P11: CONTROL DOCUMENTADO | R11: DISPARADOR DE TOLERANCIA | S11: TRATAMIENTO DEL RIESGO / RESPONSABLE | T11: ACCIONES PARA LA ADMINISTRACIÓN DEL RIESGO | U11: MONITOREO DEL RIESGO
P12: SI | Q12: NO | W12: CONTRATANTE | X12: CONTRATISTA
B13: 1 | C13: Pre-construcción | D13: Demoras en el proceso de contratación de las obras | E13: 1. Falta de definición en los pliegos tipo y/o errores involuntarios (unidades, cantidades, operaciones aritmeticas, especificaciones, descripciones, estudios, anexos, documentos del proceso, cambios en regimen de contratación). 2. No se cuente con la aceptación de la comunidad para la ejecución de las obras. 3. Que el contratista seleccionado tenga dificultades para adquirir las pólizas requeridas para la legalización y firma del contrato. | F13: * Demoras en el inicio del proyecto. * Reprocesos y ajustes en los pliegos de condiciones. * Incumplimiento en los plazos establecidos para la ejecución del proyecto. | G13: Tiempo | H13: Aguas de Manizales S.A. E.S.P. - BIC | I13: 5 | J13: 2 | K13: =+I13*J13 -> 10 | L13: =VLOOKUP(I13,Escalas!$S$9:$X$13,'Matriz de Riesgos'!J13+1,FALSE) -> Alto | M13: El impacto está determinado por las demoras que se pueden presentar para dar inicio al proceso de contratación del proyecto. | N13: 1-A Comunicación permanente entre las áreas jurídicas de Corpocaldas y Aguas de Manizales S.A. E.S.P. - BIC. 1-B Se cuenta con un supervisor del convenio por parte de Aguas de Manizales SA ESP, este supervisor es quien va dando los lineamientos para la empresa. 2-A Se realiza una socialización a la comunidad por parte de la profesional social de RSE, previo al inicio de las obras, con el fin de sensibilizarlos los beneficios de la ejecución del proyecto. 3-A Una vez se adjudica el contrato el contratista debe enviar la documentación a la aseguradora. En caso de ser necesario, se realiza un otrosí al contrato ampliando las coberturas de pólizas y porcentaje del pago de acta final. 3-B Se cuenta con un coordinador de obra interno por parte de ADM para el seguimiento de las obligaciones del contratista. | O13: 1-AB. Director Infraestructura, su delegado. 2- Profesional Social del área de RSE. 3- AB. Coordinador de obra (Profesional de Apoyo) | P13: X | R13: Octubre 15 de 2024 (Inicio proceso pre-contractual) | S13: Retención pasiva | T13: * Estudio y apropiación de la normatividad aplicable. | U13: Semanal | W13: 1 2 | X13: 3
B14: 2 | C14: Construcción | D14: Retrasos en la ejecución de la obra | E14: 1. Incumplimiento por parte del contratista en la fecha de inicio proyectada en el proyecto. 2. Inadecuada gestión social (socialización del proyecto a los vecinos donde se harán intervenciones de la obra, comunidad...). 3. No cumplir con las condiciones establecidas para el componente de Seguridad y Salud en el Trabajo. 4. Bloqueos, asonadas, manifestaciones sociales que impidan el ingreso al lugar de las obras. 5. Fenómenos naturales, socio naturales y/o antrópicos (interferencia con otras redes de servicios publicos). 6. Incumplimiento del contratista en el cronograma de ejecución (compra de materiales, insumos, alquiler de equipos, personal insuficiente, entre otros). 7. Interferencia por horarios especificos en zonas residenciales y/o industriales, sitios de prestacion de servicios de salud, o de otro tipo, etc. | F14: * Incumplimiento a las cláusulas del contrato. * Pérdida de recursos (por cambio de vigencia del contrato) * Sobre costos de la obra * Adiciones en los plazos del contrato * Afectación de la imagen y reputación del Municipio de Aguas de Manizales * Incumplimiento de las obligaciones de Aguas de Manizales frente al Municipio de Manizales en el marco del convenio interadministrativo | G14: Tiempo Costo | H14: Aguas de Manizales S.A. E.S.P. - BIC Contratista | I14: 3 | J14: 4 | K14: =+I14*J14 -> 12 | L14: =VLOOKUP(I14,Escalas!$S$9:$X$13,'Matriz de Riesgos'!J14+1,FALSE) -> Alto | M14: El impacto está determinado por las demoras que se pueden presentar durante la ejecución del proyecto que implique un plazo mayor al inicialmente establecido | N14: 1- Se cuenta con un coordinador de obra interno por parte de ADM para el seguimiento de las obligaciones del contratista. 2-A Se realiza una socialización a la comunidad por parte de la profesional social de RSE, previo al inicio de las obras, con el fin de sensibilizarlos los beneficios de la ejecución del proyecto. 3- Aguas de Manizales exige dentro de los documentos previos al inicio de obra un plan de manejo de SST, donde el contratista debe tener un estricto cumplimiento. ADM realiza seguimiento periódico al plan. 4- Se realiza una socialización a la comunidad por parte de la profesional social de RSE, previo al inicio de las obras, con el fin de 5- Se realizan Comités de Obra, bitácoras, donde se registra y analiza las situaciones que pueden afectar el desarrollo de la obra. Además se cuenta con un seguimiento al cronograma de obra. 6-7. Se cuenta con un coordinador de obra interno por parte de ADM para el seguimiento de las obligaciones del contratista. | O14: 1 - 5 - 6 - 7. Supervisión externa, Coordinador de obra (Profesional de Apoyo). 2 - 4. Profesional social de AGM. 3- Profesional SST de Aguas de Manizales. | P14: X | R14: Cuando el contratista tenga un atraso del 20% se deben tomar medidas por parte de Aguas de Manizales y el Contratista deberá implementar un Plan de Contingencia para subsanar el atraso. | S14: Pólizas Garantías de Cumplimiento | T14: * Se realizan comités de obra semanales, donde participan contratista (personal técnico y administrativo), supervisión y coordinador de obra. * Se realizan balances semanales de obra al presupuesto. * Se evaluaran planes de contingencia para superar dificultades, sin afectar el alcance o cronograma de obra. * Evaluar posiblidad de realizar trabajos en horarios nocturnos u horarios especiales. * No se deberan contemplar reconocimientos de mayores costos ni desequilibrio economico. | U14: Semanal | W14: 4 5 | X14: 1 2 3 6 7
B15: 3 | C15: Construcción | D15: Que el contratista seleccionado no cumpla con las obligaciones contractuales. | E15: 1. Que las condiciones de contratación no tengan la suficiente rigurosidad para garantizar la selección del contratista. 1.B. Valor oferta aceptada con valor menor al umbral establecido en la guia de CCE luego de justificación. 2. Dificultades para la adquisición de insumos y suministros necesarios para la ejecución del contrato. 3. Incumplimiento por parte del contratista en lo relacionado al cronograma de obra, falta de disponibilidad de los recursos necesarios para cumplir con el plazo del contrato. | F15: * Incumplimiento a las cláusulas del contrato. * Pérdida de recursos (por cambio de vigencia del contrato). *Afectación de la ejecución de la por bajo desempeño y eventuales solcitudes de adicion en valor. * Sobre costos de la obra. * Adiciones en los plazos del contrato. * Afectación de la imagen y reputación de Aguas de Manizales. * Incumplimiento de las obligaciones de Aguas de Manizales frente a Corpocaldas en el marco del convenio interadministrativo. | G15: Tiempo Costo | H15: Aguas de Manizales S.A. E.S.P. - BIC Contratista | I15: 1 | J15: 4 | K15: 4 | L15: =VLOOKUP(I15,Escalas!$S$9:$X$13,'Matriz de Riesgos'!J15+1,FALSE) -> Moderado | M15: El impacto está determinado por las demoras que se pueden presentar durante la ejecución del proyecto que implique un plazo mayor al inicialmente establecido | N15: 1-A Aplicación rigurosa de los pliegos tipo para obras de agua y saneamiento básico 1-B Acompañamiento de las áreas jurídicas de Corpocaldas y Aguas de Manizales S.A. E.S.P. - BIC, en el proceso pre-contractual y contractual. 2- Se realiza validación con proveedores de la región para revisar si cuentan con la existencia de los insumos requeridos para la ejecución del contrato y posibles tiempos de entrega o variación de precios del mercado. 3- Se realizan Comités de Obra, bitácoras, donde se registra y analiza las situaciones que pueden afectar el desarrollo de la obra. Además se cuenta con un seguimiento al cronograma de obra. | O15: 1- Área de Gestión de Obras Civiles, Gestión Jurídica, subgerencia administrativa y financiera. 2- Supervisión externa, Coordinador de obra (Profesional de Apoyo) 3- Supervisión externa, Coordinador de obra (Profesional de Apoyo) | P15: X | R15: Cuando el contratista tenga un atraso del 20% se deben tomar medidas por parte de Aguas de Manizales y el Contratista deberá implementar un Plan de Contingencia para subsanar el atraso. | S15: Pólizas Garantías de cumplimiento Anticipos Estabilidad | T15: * Se realizan comités de obra semanales, donde participan contratista (personal técnico y administrativo), supervisión y coordinador de obra. * Se realizan balances semanales de obra al presupuesto. * Tomar decisiones pertinentes para lograr equilibrio del contrato, en caso de que se presenten alzas importantes en los precios inicialmente contratados. * Estudio y apropiación de la normatividad aplicable. | U15: Semanal | W15: 1 | X15: 1B 2 3
B16: 4 | C16: Construcción | D16: Indebida ejecución de la supervisión externa del contrato de obra | E16: 1. Que existan vacíos o inconsistencias respecto de los pliegos tipo. 2. Que el coordinador interno de Aguas de Manizales no sea exigente en la verificación del cumplimiento de las obligaciones del supervisor externo. 3. Que exista connivencia entre el supervisor externo y el coordinador interno. 4. Que el supervisor externo no cumpla con el alcance del contrato y sus obligaciones. | F16: * Sobrecostos en la ejecución del proyecto. * Retraso en el cumplimiento del avance de la programación de la obra. * Incumplimiento en la calidad esperada del Proyecto. * Sanciones legales. | G16: Tiempo Costo | H16: Supervisor Contrato Aguas de Manizales S.A. E.S.P.-BIC | I16: 2 | J16: 4 | K16: =+I16*J16 -> 8 | L16: =VLOOKUP(I16,Escalas!$S$9:$X$13,'Matriz de Riesgos'!J16+1,FALSE) -> Moderado | M16: Se generarían retrasos en la ejecución de la obra y pérdida de recursos. | N16: 1. En los TDR y el contrato se establece claramente las obligaciones que debe cumplir el supervisor del contrato. Esta información es revisada y validada por parte del proceso de Gestión Jurídica de la Empresa. 2. El coordinador interno de Aguas de Manizales establece las condiciones de reporte de información por parte del supervisor, revisando que se cumpla con las obligaciones contractuales. 2. El supervisor externo participa activamente en los Comités de Obra que se realizan para revisar el avance en la ejecución de las obras. 3. Aguas de Manizales garantiza que la coordinación de la obra, sea ejecutada por un profesional idóneo y ético. 4. En los TDR y el contrato se establece claramente las obligaciones que debe cumplir el supervisor del contrato. Esta información es revisada y validada por parte del proceso de Gestión Jurídica de la Empresa. | O16: 1- Área de Gestión de Obras Civiles, Gestión Jurídica. 2- Coordinador de obra (Profesional de Apoyo) 3- Subgerente Técnico y de Operaciones 4- Área de Gestión de Obras Civiles, Gestión Jurídica. | P16: X | R16: Ante la primer alerta y/o evidencia que se genere por parte del Coordinador Interno de Aguas de Manizales por retrasos en la entrega de informes semanales, inasistencia a los Comités de obras, dedicaciones reales inferiores a las contractuales. | S16: Garantía de Cumplimiento del contrato de supervisión externa | T16: Se realizan comités de obra semanales, donde participan contratista (personal técnico y administrativo), supervisión y coordinador de obra. | U16: Comité semanal de obra | W16: 1 2 3 4
B17: 5 | C17: Construcción | D17: Incidentes, accidentes o muertes del personal en obra | E17: 1. Fallas en la implementación del SGSST. 2. Personal sin capacitación en SST. 3. Personal no certificado en trabajo en alturas. 4. Desconocimiento de la normatividad en SST. 5. Deficiencia en la supervisión. 6. Deficiencia en inspecciones de seguridad (equipos, máquinas, herramientas, EPP, elementos de protección contra caídas) 7. Riesgo biológico, físico, químico, de seguridad, público, tránsito. 8. Pandemia o emergencia sanitaria. | F17: 1. Ausentismo, incapacidades. 2. Posibles retrasos en obra; reprocesos. 3. Demandas o reclamaciones en contra del contratista y/o de la empresa por vinculación solidaria. 4. incumplimientos legales. 5. Cierre de la Obra. 6. Multas. 7. Responsabilidad civil y penal. | G17: Tiempo | H17: Contratista | I17: 2 | J17: 1 | K17: =+I17*J17 -> 2 | L17: =VLOOKUP(I17,Escalas!$S$9:$X$13,'Matriz de Riesgos'!J17+1,FALSE) -> Bajo | M17: Tiempo: Retraso en la ejecución de las actividades de construcción inferior a 15 días. En caso de presentarse una situación extrema por el fallecimiento de una persona, la obra podría tener suspensión de una semana o un tiempo mayor. | N17: 1A. Exigencia de un profesional SST al contratista y al supervisor de la obra. 1B. Capacitación en el diligenciamiento de formatos y seguimiento en la implementación del SGSST. 2. Supervisión de los soportes que entregan los profesionales de capacitación 3. Verificación de los certificados por página del Ministerio. 4. Capacitación y actualización normativa a través de entidades y herramientas tecnológicas; dirigida a los profesionales SST de contratistas. 5A. Comités de obra semanal en los cuales se tratan temas de SST. 5B. Revisión de informes quincenales presentados por los contratistas. 6. Se aplican formatos para la inspección de condiciones de seguridad por parte del contratista. 7. Matriz de identificación de peligros que incluyen controles y medidas de intervención. 8. Estricto cumplimiento de protocolos sanitarios y de salubridad, segun normatividad vigente. | O17: 1A. Aguas de Manizales - Términos de referencia 1B. Analista Técnica SST 2. Contratista a través del profesional SST 3. Profesional SST en obra y Analista Técnica SST 4. Aguas de Manizales (Analista Técnica SST) 5A. Analista Técnica SST y Supervisor externo 5B. Analista Técnica SST 6. Aplicación por parte de Profesional SST en obra. Analista Técnica SST realiza seguimiento 7. Profesional SST en obra. Analista Técnica SST realiza seguimiento | P17: X | R17: Ante primer accidente grave en obra Pandemia. | S17: ARL: Atención de accidentes laborales Póliza de Responsabilidad Civil Extracontractual: daños a terceros en predios, labores y operaciones. Poliza de salarios, prestaciones sociales e indemnizaciones laborales. | T17: *Desde los términos de referencia se solicita experiencia específica en obra del profesional SST. *Notificación a la profesional SST de obra y de considerarse necesario se solicita el cambio del profesional SST. *Cuando se identifica en campo una actividad que pueda ocasionar un accidente, se realiza la suspensión provisional de los trabajos. *Reportes del accidentes FURAT (ARL y EPS del trabajador) *Investigación del accidente *Planes de acción * Se realizan comités de obra semanales, donde participan contratista (personal técnico y administrativo), supervisión y coordinador de obra | U17: Comité semanal Informes quincenales Cumplimiento de cronograma Seguimiento en campo Aplicación de listas de chequeo | W17: 5 | X17: 1 2 3 4 6 7 8
B18: 6 | C18: Construcción | D18: Inadecuada ejecución o ejecución inconclusa de la obra, o en el pago de proveedores. | E18: 1. Indebida coordinación de la obra (supervisión interna). 2. No contar con los equipos apropiados para el tipo de actividades a ejecutar. 3. Indebido manejo de recursos financieros por parte del contratista. 4. no satisfacción de las necesidades generales que se pretenden solucionar con el contrato. 5. No contar con la mano de obra idonea. | F18: * Mal funcionamiento. * Posibles retraso y reprocesos en obra. * Retrasos en la ejecución y mayores costos. * Posibles reclamaciones por parte del contratista * Compra de equipos y materiales no adecuados; equipos ineficientes. * Incumplimiento a pago de proveedores y trabajadores. * Peticiones y demandas hacia la Empresa por aplicación del principio de solidaridad. * No cumplimiento de los objetivos del contrato. * Aumento en cantidades de obra o items de ejecución. | G18: Tiempo Costo | H18: Supervisor Externo Coordinador de obra Contratista | I18: 1 | J18: 3 | K18: =+I18*J18 -> 3 | L18: =VLOOKUP(I18,Escalas!$S$9:$X$13,'Matriz de Riesgos'!J18+1,FALSE) -> Bajo | M18: Teniendo en cuenta las características de las obras, el impacto no se considera muy alto, teniendo en cuenta que alguna falla puede ser solucionada sin mayores afectaciones al proyecto. | N18: 1A - 5. Comité semanal de obra 1B - 5. Se cuenta con supervisión externa para el proyecto 2. En los TdR se especifica al contratista los equipos requeridos para la ejecución de las obras. 3A. Seguimiento semanal al cronograma de obra e inversiones. 3B. Comités de obra que incluyen la revisión del balance semanal. 3C. Control de facturación vs cantidades ejecutadas 3D. Seguimiento al pago de salarios y prestaciones sociales, solicitud de liquidación del personal y de paz y salvo como requisito para el pago de actas parciales y final. 3E. Evaluación de la capacidad financiera de los contratistas. 3F. Plan de manejo de anticipo. 4. Actas de convenio de precio, balance de obra, acta de recibo de obra. | O18: 1-A-B.. Supervision externa, Coordinador de obra (Profesional de apoyo). 2. Supervisión externa, Coordinador de obra. 3. Supervision externa, Coordinador de obra (Profesional de apoyo). 3. Supervision externa, Coordinador de obra (Profesional de apoyo), Área de Gestión de Obras Civiles, Subgerencia administrativa y financiera, Gestión Jurídica. 4-5. Supervision externa, coordinador de obra (profesional de apoyo), área de gestion de obras civiles. | P18: X | R18: Cuando el contratista tenga un atraso del 20% se deben tomar medidas por parte de Aguas de Manizales y el Contratista deberá implementar un Plan de Contingencia para subsanar el atraso. Cuando no se garantice cumplir el alcance del contrato identificado en actas de pago parcial. | S18: Póliza de cumplimiento: contratista de obra Póliza de calidad de obra y equipos: contratista de obra y equipos Póliza de correcto manejo del anticipo Póliza pago de salarios y prestaciones sociales | T18: Se realizan comités de obra semanales, donde participan contratista (personal técnico y administrativo), supervisión y coordinador de obra. Requisitos claros para el pago de actas parciales y finales al contratista. Dar a conocer al contratista los estandares de calidad y condiciones para la optima calidad del servicio, sumado a un correcto seguimiento y control de la ejecución del contrato. No se deberan contemplar reconocimientos de mayores costos ni desequilibrio economico | U18: Comité semanal | W18: 1 | X18: 2 3 4 5
B19: 7 | C19: Financiero | D19: Modificación del régimen de impuestos aplicables a terceros, cuando en el desarrollo del contrato, se modifican las tarifas de los impuestos o se crean nuevos impuestos o eliminan los ya existente | E19: 1. Afectacion en los valores por pagar y a desembolsar al contratista. | F19: * Posibles reclamaciones por parte del contratista | G19: Costo | H19: Aguas de Manizales S.A. E.S.P. - BIC Contratista | I19: 3 | J19: 1 | K19: =+I19*J19 -> 3 | L19: =VLOOKUP(I19,Escalas!$S$9:$X$13,'Matriz de Riesgos'!J19+1,FALSE) -> Bajo | M19: El impacto está determinado por la posible afectación economica al contratista. | N19: 1. Analisis con expertos financieros (asesores), la posibilidad de no afectación en los valores del contrato. | O19: 1. Subgerencia administrativa y finanaciera de la empresa. | P19: X | R19: Cuando se presente eventualidad | S19: Pólizas Garantías de cumplimiento | T19: Se tiene antecedentes de situaciones similares entre 2023 y 2024 | U19: Global | W19: 1
I20: 4 | J20: 4 | K20: =+I20*J20 -> 16 | L20: =VLOOKUP(I20,Escalas!$S$9:$X$13,'Matriz de Riesgos'!J20+1,FALSE) -> Alto
I21: 2 | J21: 1 | K21: =+I21*J21 -> 2 | L21: =VLOOKUP(I21,Escalas!$S$9:$X$13,'Matriz de Riesgos'!J21+1,FALSE) -> Bajo
I22: 1 | J22: 2 | K22: =+I22*J22 -> 2 | L22: =VLOOKUP(I22,Escalas!$S$9:$X$13,'Matriz de Riesgos'!J22+1,FALSE) -> Bajo
I23: 2 | J23: 3 | K23: =+I23*J23 -> 6 | L23: =VLOOKUP(I23,Escalas!$S$9:$X$13,'Matriz de Riesgos'!J23+1,FALSE) -> Moderado
I24: 1 | J24: 4 | K24: =+I24*J24 -> 4 | L24: =VLOOKUP(I24,Escalas!$S$9:$X$13,'Matriz de Riesgos'!J24+1,FALSE) -> Moderado
I25: 1 | J25: 1 | K25: =+I25*J25 -> 1 | L25: =VLOOKUP(I25,Escalas!$S$9:$X$13,'Matriz de Riesgos'!J25+1,FALSE) -> Bajo

Sheet Escalas
B3: OBJETIVO | C3: IMPACTOS
C4: 1 (BAJO) | D4: 2 (MODERADO) | E4: 3 (INTERMEDIO) | F4: 4 (ALTO) | G4: 5 (CRÍTICO)
B5: COSTO | C5: Sobre costo del proyecto inferior al 4% | D5: Sobre costo del proyecto del proyecto entre el 4% y el 6% | E5: Sobre costo del proyecto entre el 6% y el 8% | F5: Sobre costo del proyecto entre el 8% y el 10% | G5: Sobre costo del proyecto superior al 10%
B6: TIEMPO | C6: Retraso en la ejecución de las actividades de preconstrucción inferior a 30 días | D6: Retraso en la ejecución de las actividades de preconstrucción entre 30 y 60 días | E6: Retraso en la ejecución de las actividades de preconstrucción entre 60 y 90 días | F6: Retraso en la ejecución de las actividades de preconstrucción entre 90 y 120 días | G6: Retraso en la ejecución de las actividades de preconstrucción superior a 120 días
B7: TIEMPO | C7: Retraso en la ejecución de las actividades de construcción inferior a 15 días | D7: Retraso en la ejecución de las actividades de construcción entre 15 y 30 días | E7: Retraso en la ejecución de las actividades de construcción entre 30 y 45 días | F7: Retraso en la ejecución de las actividades de construcción entre 45 y 60 días | G7: Retraso en la ejecución de las actividades de construcción superior a 60 días
R8: tabla de severidad | T8: 1 | U8: 2 | V8: 3 | W8: 4 | X8: 5
R9: Probabilidad | S9: 5 | T9: Alto | U9: Alto | V9: Alto | W9: Extremo | X9: Extremo
F10: DISPARADOR POR OBJETIVO | S10: 4 | T10: Moderado | U10: Moderado | V10: Alto | W10: Alto | X10: Extremo
B11: ESCALA DE PROBABILIDAD PRECONSTRUCCIÓN | S11: 3 | T11: Bajo | U11: Moderado | V11: Moderado | W11: Alto | X11: Alto
B12: DESCRIPTOR | C12: FRECUENCIA | S12: 2 | T12: Bajo | U12: Bajo | V12: Moderado | W12: Moderado | X12: Alto
B13: (1) Remota | C13: Puede ocurrir una o varias veces en un periodo superior a 12 meses | S13: 1 | T13: Bajo | U13: Bajo | V13: Bajo | W13: Moderado | X13: Alto
B14: (2) Poco Probable | C14: Puede ocurrir una o varias veces en un periodo comprendido entre 12 y 6 meses | G14: VALOR DEL PROYECTO | H14: 840000000
B15: (3) Probable | C15: Puede ocurrir una o varias veces en un periodo comprendido entre 6 y 3 meses | G15: INCREMENTO INFERIOR AL 4%
B16: (4) Ocasional | C16: Puede ocurrir una o varias veces en un periodo entre 3 meses y 1 mes | G16: ENTRE EL 3% Y EL 6% | H16: =+H14*0.04 -> 33600000 | I16: =+H14*0.06 -> 50400000
B17: (5) Frecuente | C17: Puede ocurrir una o varias veces en un periodo menor a 1 mes | G17: ENTRE EL 6% Y EL 8% | H17: =+H14*0.06 -> 50400000 | I17: =+H14*0.08 -> 67200000
G18: ENTRE EL 8% Y 10% | H18: =+H14*0.09 -> 75600000 | I18: =+H14*0.1 -> 84000000
B19: ESCALA DE PROBABILIDAD CONSTRUCCIÓN | G19: SUPERIOR AL 10% | H19: =+H14*0.1 -> 84000000
B20: DESCRIPTOR | C20: FRECUENCIA
B21: (1) Remota | C21: Puede ocurrir una o varias veces en un periodo superior a 6 meses
B22: (2) Poco Probable | C22: Puede ocurrir una o varias veces en un periodo comprendido entre 6 y 4 meses
B23: (3) Probable | C23: Puede ocurrir una o varias veces en un periodo comprendido entre 4 y 2 meses
B24: (4) Ocasional | C24: Puede ocurrir una o varias veces en un periodo entre 2 y 1 meses
B25: (5) Frecuente | C25: Puede ocurrir una o varias veces en un periodo menor a 1 mes

Sheet Riesgos de la contratación
B2: TIPIFICACIÓN DEL RIESGO | G2: ESTIMACIÓN DEL RIESGO | K2: ASIGNACIÓN DEL RIESGO
B3: CÓDIGO | C3: ETAPA | D3: DESCRIPCIÓN | E3: CAUSAS | F3: CONSECUENCIAS | G3: PROBABILIDAD | H3: IMPACTO | I3: COSTO DE LA POSIBLE AFECTACIÓN | J3: PxI | K3: DESCRIPCIÓN DEL CONTROL | L3: RESPONSABLE DEL CONTROL | M3: MECANISMO DE TRATAMIENTO | N3: ASIGNACIÓN DEL RIESGO | O3: ESTIMACIÓN DE LA COBERTURA | P3: VIGENCIA DE LA COBERTURA
C4: Precontractual | D4: Contratista no idóneo para el desarrollo del proyecto
D5: Declaratoria desierta de la oferta debido a la no presentación de oferentes
D6: Ofertas con mayor valor al estimado en el presupuesto del contrato
D7: Retiro de la oferta desde la presentación hasta la adjudicación
C8: Contractual | D8: Apropiación y uso indebido del anticipo
D9: Incumplimiento imputable al contratista de obligaciones contractuales
D10: Accidentes laborales y/o muertes de los trabajadores
D11: Asumir responsabilidad sobre los trabajadores del contratista (riesgo de solidaridad empresarial)
D12: Incumplimiento de compromisos del PMA por parte del contratista que ejecuta la obra
D13: Daños ocasionados a terceros por responsabilidades del contratistas
D14: Inadecuada liquidación del contrato
D15: Riesgos del entorno: hechos accidentales, súbitos e imprevistos
C16: Postcontractual | D16: Perjuicios por la mala calidad del servicio prestado por el contratista

Sheet Hoja2
